 Seeded DCSS version 0.30-a0-223-gcb0039aa0c (webtiles) character file.

Game seed: 20221010 (custom seed)

12693 a11behringer the Basher (level 11, -1/100 HPs)
             Began as an Armataur Berserker on Oct 10, 2022.
             Was a Priest of Trog.
             Slain by a vampire (9 damage)
             ... on level 11 of the Dungeon.
             The game lasted 00:33:58 (10186 turns).

a11behringer the Basher (Armataur Berserker)       Turns: 10186, Time: 00:33:59

Health: -1/100     AC: 24    Str: 27    XL:     11   Next: 65%
Magic:  11/11      EV:  9    Int:  7    God:    Trog [***...]
Gold:   882        SH:  0    Dex: 10    Spells: 10/10 levels left

rFire   . . .      SeeInvis .    J - +3 whip (flame)
rCold   + . .      Faith    .    (no shield)
rNeg    . . .      Spirit   .    r - +0 plate armour
rPois   .          Reflect  .    T - +0 helmet
rElec   .          Harm     .    G - +0 cloak {rCorr}
rCorr   +          Roll     +    (no gloves)
Will    .....                    x - +3 barding
Stlth   ..........               (no amulet)
HPRegen 0.36/turn                k - ring of protection from cold
MPRegen 0.12/turn                A - +4 ring of evasion

@: no status effects
A: large, rugged brown scales 3, deformed body, armoured tail, roll, long
tongue, awkward tongue
a: Renounce Religion, Berserk, Trog's Hand


You were on level 11 of the Dungeon.
You worshipped Trog.
Trog was most pleased with you.
You visited 1 branch of the dungeon, and saw 11 of its levels.

You collected 882 gold pieces.

Inventory:

Hand Weapons
 a - a +0 mace
 d - a +0 whip of flaming
 u - a +0 morningstar
 w - a +0 sling
 F - a +4 quarterstaff of chaos
 H - a +2 hammer of draining
 J - a +3 whip of flaming (weapon)
Missiles
 l - 12 poisoned darts (quivered)
 E - 18 silver boomerangs
 K - 5 boomerangs
 R - 4 throwing nets
Armour
 b - a +0 animal skin
 f - a +0 chain mail
 q - a +0 cloak
 r - a +0 plate armour (worn)
 x - a +3 barding (worn)
 G - a +0 cloak of preservation (worn)
 N - a +0 troll leather armour
 T - a +0 helmet (worn)
Jewellery
 k - a ring of protection from cold (left hand)
 y - a ring of ice
 A - a +4 ring of evasion (right hand)
Wands
 M - a wand of mindburst (20)
 O - a wand of polymorph (21)
 P - a wand of light (7)
 Q - a wand of flame (8)
 V - a wand of paralysis (6)
Scrolls
 e - 3 scrolls of vulnerability
 h - 2 scrolls of fear {unknown}
 i - 2 scrolls of poison
 j - 6 scrolls of enchant armour
 s - 2 scrolls of teleportation
 z - 5 scrolls of identify
 L - 3 scrolls of noise
 U - a scroll of fog
Potions
 c - a potion of heal wounds
 g - 3 potions of attraction
 m - a potion of might {unknown}
 n - 2 potions of mutation
 o - 2 potions of flight
 p - 8 potions of curing
 t - 2 potions of ambrosia {unknown}
 v - a potion of cancellation {unknown}
 B - 2 potions of invisibility {unknown}
 C - 4 potions of resistance {unknown}
 D - a potion of brilliance {unknown}
 I - 2 potions of lignification
 S - a potion of degeneration {unknown}


   Skills:
 + Level 8.2 Fighting
 * Level 11.3 Maces & Flails
 + Level 10.4 Armour
 + Level 6.6 Dodging


You had 10 spell levels left.
You didn't know any spells.
Your spell library was empty.

Dungeon Overview and Level Annotations

Branches:
Dungeon (11/15)            Temple (0/1) D:6
   Lair: D:8-11         Orc: D:9-12

Altars:
Fedhas
Hepliaklqana
Trog
Uskayaw
Vehumet

Shops:
D:6 [[[:

Annotations:
D:8 2 transporters, exclusion: orange crystal statue


Innate Abilities, Weirdness & Mutations

You are completely covered in rugged brown scales. (AC +3, +7% HP)
Armour fits poorly on your strangely shaped body.
You have a long armoured tail.
You roll when moving toward enemies. (Rampage)
Your long tongue fully drains potion bottles. (2x potion effects)
Your tongue gives you trouble enunciating. (1.5x scroll delay)


Message History

You cannot move.
You cannot move.
Something hits you but does no damage. Something bites you.
* * * LOW HITPOINT WARNING * * *
Something draws strength from your injuries!
Something hits you.
* * * LOW HITPOINT WARNING * * *
Something bites you.
* * * LOW HITPOINT WARNING * * *
Something draws strength from your injuries!
Something hits you but does no damage. Something completely misses you.
Something hits you but does no damage. Something bites you but does no damage.
Something hits you but does no damage. Something bites you.
* * * LOW HITPOINT WARNING * * *
Something draws strength from your injuries!
Something hits you but does no damage. Something bites you but does no damage.
Something hits you!
* * * LOW HITPOINT WARNING * * *
Something bites you.
* * * LOW HITPOINT WARNING * * *
Something draws strength from your injuries!
Something hits you but does no damage. Something bites you but does no damage.
Something hits you but does no damage. Something bites you.
* * * LOW HITPOINT WARNING * * *
Something draws strength from your injuries!
You feel less wooden.
Your +0 cloak of preservation unmelds from your body.
Your +0 helmet unmelds from your body.
Your +3 barding unmelds from your body.
Your +0 plate armour unmelds from your body.
Something hits you but does no damage. Something bites you but does no damage.
You hear some strange, mumbled words.
Something tries to affect you, but you resist.
Something hits you but does no damage. Something bites you.
* * * LOW HITPOINT WARNING * * *
Something draws strength from your injuries!
Found a whip.
Something hits you but does no damage. Something bites you but does no damage.
There is a strange disturbance nearby!
Something hits you but does no damage. Something bites you!
You die...

.....##.###.#
##..
#........###..
#.....##..#.#
#.......#....#
#.##...#.....#
#..###...##
...# ##.##
.### #{# # #@#
#......#
.).P.P...
.P...P....
...P.......
.......P...P
......####...
#......# ..P


There were no monsters in sight!

Vanquished Creatures
  Harold (D:9)
  2 two-headed ogres (D:9)
  Lodul (D:10)
  Pikel (D:6)
  An ugly thing (D:10)
  A gargoyle (D:11)
  An unseen horror (D:10)
  A kobold demonologist (D:10)
  A troll (D:9)
  A hornet (D:10)
  The ghost of greasedhog the Trooper, an amateur GrCK of Xom (D:4)
  2 wyverns
  A wraith (D:11)
  Eustachio (D:5)
  22 yaks
  Menkaure (D:5)
  An acid dragon (D:8)
  3 orc warriors (D:9)
  A black bear (D:4)
  An ice beast (D:6)
  A sky beast (D:6)
  6 ogres
  A centaur (D:9)
  A phantom (D:4)
  A gnoll sergeant (D:11)
  A kobold brigand (D:8)
  4 bullfrogs
  A necrophage (D:6)
  3 scorpions
  6 wights
  11 killer bees
  3 electric eels (D:9)
  10 orc priests
  Crazy Yiuf (D:5)
  A gnoll bouda (D:6)
  6 hounds
  A jelly (D:5)
  4 iguanas
  Jessica (D:3)
  14 orc wizards
  8 adders
  9 gnolls
  A shadow imp (D:5)
  2 white imps
  2 ufetubi
  3 worms
  2 dart slugs (D:2)
  38 orcs
  4 ball pythons
  8 endoplasms
  3 giant cockroaches
  7 goblins
  7 hobgoblins
  5 jackals
  A quokka (D:4)
  3 bats
  A frilled lizard (D:1)
  12 kobolds
  7 rats
245 creatures vanquished.

Vanquished Creatures (collateral kills)
  2 ogres (D:10)
2 creatures vanquished.

Vanquished Creatures (others)
  12 fungi (D:11)
  8 plants (D:11)
  4 toadstools (D:1)
24 creatures vanquished.

Grand Total: 271 creatures vanquished

Notes
Turn   | Place    | Note
-------+----------+-------------------------------------------
     0 | D:1      | a11behringer the Armataur Berserker began the quest for the
                  | Orb.
     0 | D:1      | Reached XP level 1. HP: 19/19 MP: 1/1
   137 | D:1      | Reached XP level 2. HP: 26/26 MP: 2/2
   152 | D:1      | Reached skill level 3 in Maces & Flails
   334 | D:1      | You fall into a shaft and drop 1 floor!
   448 | D:1      | Reached ** piety under Trog
   510 | D:1      | Found a faded altar of an unknown god.
   561 | D:1      | Reached XP level 3. HP: 32/32 MP: 3/3
   986 | D:2      | Reached XP level 4. HP: 40/40 MP: 4/4
  1399 | D:3      | Noticed Jessica
  1405 | D:3      | Killed Jessica
  1808 | D:4      | Found a blossoming altar of Fedhas.
  1809 | D:4      | Noticed a phantom
  1811 | D:4      | Found a bloodstained altar of Trog.
  1821 | D:4      | Killed a phantom
  1822 | D:4      | Reached skill level 4 in Maces & Flails
  1822 | D:4      | Reached XP level 5. HP: 48/48 MP: 5/5
  1851 | D:4      | Noticed an ogre
  1873 | D:4      | Killed an ogre
  1874 | D:4      | Reached XP level 6. HP: 34/54 MP: 6/6
  2115 | D:4      | Reached skill level 5 in Maces & Flails
  2195 | D:4      | Found a runed translucent gate.
  2195 | D:4      | Found a runed translucent gate.
  2196 | D:4      | Found a runed translucent gate.
  2200 | D:4      | Noticed greasedhog's ghost (amateur GrCK)
  2265 | D:4      | Reached XP level 7. HP: 63/63 MP: 7/7
  2293 | D:4      | Found a hazy altar of Hepliaklqana.
  2416 | D:5      | Entered Level 5 of the Dungeon
  2571 | D:5      | Found a runed translucent door.
  2572 | D:5      | Noticed Crazy Yiuf
  2583 | D:5      | Killed Crazy Yiuf
  2799 | D:5      | Noticed Menkaure
  2804 | D:5      | Killed Menkaure
  2811 | D:5      | Reached skill level 5 in Armour
  2863 | D:5      | Noticed Eustachio
  2870 | D:5      | Killed Eustachio
  2966 | D:4      | Killed greasedhog's ghost
  2967 | D:4      | Reached skill level 6 in Maces & Flails
  2967 | D:4      | Reached XP level 8. HP: 71/71 MP: 8/8
  3385 | D:6      | Found Aniucepn's Armour Shoppe.
  3394 | D:6      | Reached skill level 5 in Fighting
  3558 | D:6      | Noticed Pikel
  3564 | D:6      | Killed Pikel
  3565 | D:6      | Reached skill level 7 in Maces & Flails
  3565 | D:6      | Reached XP level 9. HP: 79/79 MP: 9/9
  3651 | D:6      | Found Acvaass's Book Shoppe.
  3827 | D:6      | Found Vexaniur's Antique Armour Boutique.
  3965 | D:6      | Found a staircase to the Ecumenical Temple.
  4026 | D:6      | Reached *** piety under Trog
  4053 | D:6      | Found Fituleek's Antique Armour Shoppe.
  4468 | D:7      | Found a hide-covered altar of Uskayaw.
  4774 | D:7      | Reached skill level 8 in Maces & Flails
  5384 | D:8      | Found a transporter.
  5390 | D:8      | Noticed a tengu warrior
  5390 | D:8      | Noticed a death knight
  5390 | D:8      | Noticed a centaur warrior
  5425 | D:8      | Noticed an orange crystal statue
  5456 | D:8      | Found a transporter.
  5923 | D:8      | Reached skill level 5 in Dodging
  6162 | D:9      | Noticed a two-headed ogre
  6170 | D:9      | Killed a two-headed ogre
  6171 | D:9      | Reached skill level 9 in Maces & Flails
  6171 | D:9      | Reached XP level 10. HP: 89/89 MP: 10/10
  6629 | D:9      | Reached **** piety under Trog
  6878 | D:9      | Noticed a two-headed ogre
  6885 | D:9      | Killed a two-headed ogre
  7006 | D:9      | Found a radiant altar of Vehumet.
  7023 | D:9      | Noticed Harold
  7041 | D:9      | Killed Harold
  7042 | D:9      | Reached skill level 10 in Maces & Flails
  7298 | D:10     | Entered Level 10 of the Dungeon
  7350 | D:10     | Reached XP level 11. HP: 48/98 MP: 11/11
  7514 | D:10     | Noticed a soul eater
  7752 | D:10     | Paralysed by a hornet for 2 turns
  7811 | D:10     | Noticed Lodul
  7821 | D:10     | Killed Lodul
  7989 | D:10     | Reached skill level 10 in Armour
  8689 | D:10     | Reached skill level 11 in Maces & Flails
  8706 | D:10     | Noticed a white ugly thing
  8729 | D:10     | Killed a white ugly thing
 10186 | D:11     | Slain by a vampire

Illustrated notes

Levels and vault maps discovered:
D:1:      ldierk_water_garden, layout_basic,
          shapermc_ecumenical_altar_mp_ritualfount, grunt_decor_junction
D:2:      layout_rooms, nicolae_wormholes
D:3:      layout_rooms, serial_park_tiny_1, uniq_jessica
D:4:      cheibrodos_quashed, layout_rooms, grunt_temple_overflow_open,
          ebering_ghost_rock_garden, cheibrodos_gnoll_hut
D:5:      layout_basic, corexii_hall_statues_i, kennysheep_generic_room_12,
          uniq_eustachio, uniq_menkaure, uniq_crazy_yiuf_cottage
D:6:      layout_basic, temple_hall, serial_shops, nicolae_inconvenience_store,
          shop_fountains, shop, shop, uniq_pikel
D:7:      layout_rooms, eat_drink_and_be_merry_uskayaw
D:8:      gammafunk_sealed_arena, layout_rooms, minmay_misc_feat_nine_boxes,
          minmay_unpleasant_kobolds
D:9:      layout_basic, nicolae_vehumet_altar_sigil, uniq_harold
D:10:     layout_grid_maze, uniq_lodul
D:11:     layout_loops_corners, grunt_lair_entry_orc_guard_hut

Skill      XL: |  1  2  3  4  5  6  7  8  9 10 11 |
---------------+----------------------------------+-----
Maces & Flails | 3 4 5 6 7 9 10 11 | 11.3
Armour         | 3 4 5 6 8 9 10 | 10.4
Fighting       | 3 4 5 6 7 8 |  8.2
Dodging        | 2 3 4 5 6 |  6.6

Action                   |  1- 3 |  4- 6 |  7- 9 | 10-12 || total
-------------------------+-------+-------+-------+-------++-------
Melee: Mace              |   101 |   116 |    91 |       ||   308
       Tailslap          |     9 |    10 |    39 |    65 ||   123
       Punch             |       |     2 |     1 |     5 ||     8
       Whip              |       |       |   231 |   459 ||   690
Invok: Berserk           |       |     5 |     7 |     8 ||    20
       Trog's Hand       |       |     3 |     7 |     4 ||    14
       Brothers in Arms  |       |       |       |     2 ||     2
  Use: Scroll            |       |     7 |     9 |     1 ||    17
       Potion            |       |       |       |     2 ||     2
Armor: Animal skin       |    11 |       |       |       ||    11
       Chain mail        |    59 |    16 |       |       ||    75
       Plate armour      |       |    95 |   234 |   300 ||   629
       Skin              |       |       |       |    66 ||    66
Dodge: Dodged            |    42 |    36 |   137 |   154 ||   369

Table legend: (Time is in decaauts)
 A = Elapsed time spent in this place.
 B = Non-inter-level travel time spent in this place.
 C = Inter-level travel time spent in this place.
 D = Time resting spent in this place.
 E = Time spent auto-exploring this place.
 F = Levels seen in this place.
 G = Mean time per level.
                   A        B        C        D        E       F      G
               +--------+--------+--------+--------+--------+-----+--------+
         Total |  10124 |   9410 |    714 |      0 |   7812 |  11 |  920.4 |
       Dungeon |  10124 |   9410 |    714 |      0 |   7812 |  11 |  920.4 |
               +--------+--------+--------+--------+--------+-----+--------+

Top non-repeatable levels by time:
    D:10: 2176 daAuts
     D:9: 1097 daAuts
     D:8: 1013 daAuts
     D:6: 928 daAuts
     D:7: 874 daAuts
     D:5: 858 daAuts
     D:4: 745 daAuts
     D:1: 704 daAuts
     D:2: 631 daAuts
    D:11: 612 daAuts
     D:3: 480 daAuts
